 Dungeon Sprint DCSS version 0.29.1-15-g9cfb28693d (webtiles) character file.

Game seed: 5929361908246580818

707 Groucho the Covert (level 7, -6/35 HPs)
             Began as a Spriggan Earth Elementalist on Apr 7, 2023.
             Was a High Priest of Dithmenos.
             Mangled by a flayed ghost (25 damage)
             ... in the Dungeon (Sprint VII: "The Pits").
             The game lasted 00:06:28 (1518 turns).

Groucho the Covert (Spriggan Earth Elementalist)    Turns: 1518, Time: 00:06:29

Health: -6/35      AC:  2    Str:  6    XL:     7   Next: 39%
Magic:  6/19       EV: 22    Int: 17    God:    Dithmenos [*****.]
Gold:   0          SH:  0    Dex: 15    Spells: 18/22 levels left

rFire   . . .      SeeInvis +   h - +2 dagger
rCold   . . .      Faith    .   (no shield)
rNeg    . . .      Spirit   .   a - +0 robe
rPois   .          Reflect  .   (helmet restricted)
rElec   .          Harm     .   (no cloak)
rCorr   .          Rampage  .   (gloves unavailable)
Will    +....      NoTele   +   (boots unavailable)
Stlth   +++++++...              (no amulet)
HPRegen 0.11/turn               (no ring)
MPRegen 0.16/turn               (no ring)

@: flayed, very slightly contaminated, wreathed by umbra, very quick
A: very small, no large weapons, unfitting armour, see invisible, speed 3
a: Renounce Religion, Shadow Step, Shadow Form


You were in the Dungeon.
You worshipped Dithmenos.
Dithmenos was extremely pleased with you.
You visited 1 branch

Inventory:

Hand Weapons
 h - a +2 dagger (weapon)
Missiles
 j - 10 stones
Armour
 a - a +0 robe (worn)
Scrolls
 g - a scroll of blinking
 k - 5 scrolls of amnesia
 l - a scroll of summoning
Potions
 b - 5 potions of magic
 c - 6 potions of curing
 d - 6 potions of heal wounds
 e - a potion of haste
 f - 3 potions of berserk rage
 i - 2 potions of invisibility


   Skills:
 + Level 2.9 Fighting
 + Level 3.7 Short Blades
 + Level 8.9 Dodging
 + Level 10.6 Stealth
 + Level 8.2 Spellcasting
 + Level 2.4 Conjurations
 - Level 1.3 Transmutations
 + Level 8.8 Earth Magic
 + Level 3.3 Invocations


You had 18 spell levels left.
You knew the following spells:

 Your Spells              Type           Power      Damage    Failure   Level
a - Sandblast             Erth           74%        2d16      1%          1
b - Stone Arrow           Conj/Erth      52%        3d10      3%          3

Your spell library contained the following spells:

 Spells                   Type           Power      Damage    Failure   Level
 Passwall                 Tmut/Erth      20%        N/A       1%          2
 Petrify                  Tmut/Erth      24%        N/A       12%         4


Dungeon Overview and Level Annotations

Branches:
Dungeon (1/1)

Altars:
Ashenzari
Cheibriados
Dithmenos
Elyvilon
Fedhas
Gozag
Hepliaklqana
Kikubaaqudgha
Makhleb
Nemelex Xobeh
Okawaru
Qazlal
Ru
Sif Muna
Trog
Uskayaw
Vehumet
Wu Jian
Xom
Yredelemnul
Zin
The Shining One
Jiyva
Lugonu


Innate Abilities, Weirdness & Mutations

You are very small and have problems with some larger weapons.
You are too small for most types of armour.
You have supernaturally acute eyesight. (SInv)
You cover ground extremely quickly. (Speed+++)


Message History

You can now transform into a swirling mass of shadows.
Unknown command.
As you open the door, it creaks loudly!
A flayed ghost comes into view.
The flayed ghost cries, "Suffer as I suffered!"
Terrible wounds open up all over your body!
Unknown command.
Casting: Stone Arrow (dangerous; 3% risk of failure)
Confirm with . or Enter, or press ? or * to list all spells.
Aiming: Stone Arrow (dangerous; 3% risk of failure)
Press: ? - help, Shift-Dir - straight line, f - flayed ghost
Aim: a flayed ghost (umbra, 57% to hit)
The stone arrow misses the flayed ghost.
Casting: Stone Arrow (dangerous; 3% risk of failure)
Confirm with . or Enter, or press ? or * to list all spells.
Aiming: Stone Arrow (dangerous; 3% risk of failure)
Press: ? - help, Shift-Dir - straight line, f/p - flayed ghost
Aim: a flayed ghost (umbra, 57% to hit)
The stone arrow hits the flayed ghost!!
The flayed ghost is moderately damaged.
The flayed ghost hits you!
Unknown command.
Casting: Stone Arrow (dangerous; 3% risk of failure)
Confirm with . or Enter, or press ? or * to list all spells.
Aiming: Stone Arrow (dangerous; 3% risk of failure)
Press: ? - help, Shift-Dir - straight line, f/p - flayed ghost
Aim: a flayed ghost (moderately damaged, umbra, 57% to hit)
The stone arrow misses the flayed ghost.
The flayed ghost misses you.
Unknown command.
Casting: Stone Arrow (dangerous; 3% risk of failure)
Confirm with . or Enter, or press ? or * to list all spells.
Aiming: Stone Arrow (dangerous; 3% risk of failure)
Press: ? - help, Shift-Dir - straight line, f/p - flayed ghost
Aim: a flayed ghost (moderately damaged, umbra, 57% to hit)
You miscast Stone Arrow.
You are very lightly contaminated with residual magic.
Nothing appears to happen.
The flayed ghost hits you!!
Ouch! That really hurt!
You die...

#)#.†#[))).##.......#
#)###########.......#
#)......# #########
#..###..# #.......#
##.###.##+#
#)......#.+
#..###..#W#
#.......@†#
###########


You could see a flayed ghost.

Vanquished Creatures
  A floating eye (D)
  An ice beast (D)
  2 phantoms (D)
  A necrophage (D)
  5 wights (D)
  A gnoll (D)
  2 adders (D)
  A river rat (D)
  An ufetubus (D)
  An adder zombie (D)
  A goblin (D)
  A quokka (D)
  A giant cockroach zombie (D)
  A rat (D)
20 creatures vanquished.

Notes
Turn   | Place    | Note
-------+----------+-------------------------------------------
     0 | D        | Groucho the Spriggan Earth Elementalist began the quest for
                  | the Orb.
     0 | D        | Reached XP level 1. HP: 9/9 MP: 5/5
    23 | D        | Reached skill level 4 in Stealth
    23 | D        | Reached XP level 2. HP: 13/13 MP: 2/7
   290 | D        | Found a bloodstained altar of Trog.
   290 | D        | Found a shimmering blue altar of Sif Muna.
   290 | D        | Found a viscous altar of Jiyva.
   290 | D        | Found a hazy altar of Hepliaklqana.
   290 | D        | Found an opulent altar of Gozag.
   291 | D        | Found a glowing golden altar of the Shining One.
   291 | D        | Found a glowing silver altar of Zin.
   291 | D        | Found a basalt altar of Yredelemnul.
   291 | D        | Found a shimmering altar of Xom.
   291 | D        | Found an ornate altar of the Wu Jian Council.
   291 | D        | Found a sacrificial altar of Ru.
   291 | D        | Found a stormy altar of Qazlal.
   291 | D        | Found an iron altar of Okawaru.
   291 | D        | Found a sparkling altar of Nemelex Xobeh.
   291 | D        | Found a burning altar of Makhleb.
   291 | D        | Found a blossoming altar of Fedhas.
   291 | D        | Found a white marble altar of Elyvilon.
   291 | D        | Found a shadowy altar of Dithmenos.
   291 | D        | Found a snail-covered altar of Cheibriados.
   293 | D        | Found a radiant altar of Vehumet.
   293 | D        | Found a corrupted altar of Lugonu.
   294 | D        | Found a hide-covered altar of Uskayaw.
   294 | D        | Found an ancient bone altar of Kikubaaqudgha.
   294 | D        | Found a broken altar of Ashenzari.
   299 | D        | Became a worshipper of Dithmenos the Shadowed
   427 | D        | Reached * piety under Dithmenos
   428 | D        | Reached skill level 5 in Stealth
   428 | D        | Reached XP level 3. HP: 16/16 MP: 6/9
   428 | D        | Noticed a floating eye
   429 | D        | Paralysed by a floating eye for 3 turns
   434 | D        | Killed a floating eye
   435 | D        | Reached skill level 7 in Stealth
   435 | D        | Reached skill level 5 in Spellcasting
   435 | D        | Reached XP level 4. HP: 21/21 MP: 4/12
   702 | D        | Reached ** piety under Dithmenos
   703 | D        | Reached XP level 5. HP: 24/24 MP: 10/14
   908 | D        | Noticed an ice beast
   934 | D        | Learned a level 3 spell: Stone Arrow
   954 | D        | Killed an ice beast
   955 | D        | Reached skill level 8 in Stealth
   967 | D        | Reached *** piety under Dithmenos
   968 | D        | Reached skill level 1 in Short Blades
   968 | D        | Reached skill level 9 in Stealth
   968 | D        | Reached skill level 1 in Invocations
   968 | D        | Reached XP level 6. HP: 29/29 MP: 10/17
  1005 | D        | Reached skill level 1 in Fighting
  1005 | D        | Reached skill level 1 in Conjurations
  1247 | D        | Reached **** piety under Dithmenos
  1248 | D        | Reached skill level 10 in Stealth
  1248 | D        | Reached XP level 7. HP: 35/35 MP: 15/19
  1513 | D        | Reached ***** piety under Dithmenos
  1514 | D        | Noticed a flayed ghost
  1518 | D        | Mangled by a flayed ghost

Illustrated notes

Levels and vault maps discovered:
D:        pitsprint [storerooms_1, entrance_room_1, metal_vault_7, armoury_2,
          mini_pit_1, grid_room_1, main_hall_1, silver_pit, the_coven_2,
          the_vestibule_1, steel_vault_1, golden_pit, hallway_of_sentries,
          crystal_vault_4, iron_vault_4, final_vault]

Skill      XL: |  1  2  3  4  5  6  7 |
---------------+----------------------+-----
Dodging        | 3 4 6 7 8 |  8.9
Stealth        | 4 5 7 9 10 | 10.6
Spellcasting   | 3 4 5 7 8 |  8.2
Earth Magic    | 3 4 6 7 8 |  8.8
Short Blades   | 1 3 |  3.7
Invocations    | 1 2 3 |  3.3
Fighting       | 2 |  2.9
Conjurations   | 2 |  2.4
Transmutations | |  1.3

Action                   |  1- 3 |  4- 6 |  7- 9 || total
-------------------------+-------+-------+-------++-------
Melee: Dagger            |     1 |     4 |     2 ||     7
 Cast: Sandblast         |     8 |    16 |       ||    24
       Stone Arrow       |       |     1 |     6 ||     7
 Stab: Sleeping          |     1 |     2 |     2 ||     5
Dodge: Dodged            |     1 |     6 |     1 ||     8
